 Dungeon Sprint DCSS version 0.29.1-2-gbd0b4ee654 (webtiles) character file.

Game seed: 10790986654127679284

2709 Zeld the Severer (level 9, -29/135 HPs)
             Began as a Minotaur Berserker on Oct 27, 2022.
             Was a High Priest of Trog.
             Annihilated by a kraken (30 damage)
             ... in the Dungeon (Sprint II: "The Violet Keep of Menkaure").
             The game lasted 00:04:17 (1756 turns).

Zeld the Severer (Minotaur Berserker)               Turns: 1756, Time: 00:04:17

Health: -29/135    AC:  7    Str: 25    XL:     9   Next: 39%
Magic:  0/8        EV: 14    Int:  4    God:    Trog [*****.]
Gold:   233        SH:  0    Dex:  6    Spells: 8/8 levels left

rFire   . . .      SeeInvis +   a - +0 hand axe
rCold   + + .      Faith    .   (no shield)
rNeg    . . .      Spirit   +   b - +0 animal skin
rPois   .          Reflect  .   (helmet restricted)
rElec   .          Harm     .   s - +0 cloak
rCorr   .          Rampage  +   (no gloves)
Will    .....      NoTele   +   j - +1 pair of boots of Macwysif {Rampage rC++ Dex-5 Stlth+}
Stlth   ..........              t - amulet of guardian spirit
HPRegen 0.32/turn               k - ring of see invisible
MPRegen 0.11/turn               (no ring)

@: berserking, very quick
A: horns 2, retaliatory headbutt
a: Renounce Religion, Berserk, Trog's Hand, Brothers in Arms


You were in the Dungeon.
You worshipped Trog.
Trog was extremely pleased with you.
You visited 1 branch You collected 1900 gold pieces.
You spent 1667 gold pieces at shops.

Inventory:

Hand Weapons
 a - a +0 hand axe (weapon)
Armour
 b - a +0 animal skin (worn)
 j - the +1 pair of boots of Macwysif (worn) {Rampage rC++ Dex-5 Stlth+}
   (You bought it in a shop in the Dungeon)

   Dex:       It affects your dexterity (-5).
   rC:        It greatly protects you from cold.
   Rampage:   It bestows one free step when moving towards enemies.
   Stlth:     It makes you more stealthy.
 s - a +0 cloak (worn)
Jewellery
 k - a ring of see invisible (left hand)
 t - an amulet of guardian spirit (around neck)
Wands
 i - a wand of charming (4)
Scrolls
 h - 3 scrolls of blinking
 l - a scroll of summoning
 n - 3 scrolls of amnesia {unknown}
 o - a scroll of poison {unknown}
 p - 3 scrolls of vulnerability {unknown}
 u - a scroll of identify {unknown}
 x - 3 scrolls of butterflies {unknown}
 y - 3 scrolls of fear {unknown}
 z - a scroll of acquirement
 B - a scroll of silence {unknown}
Potions
 c - 10 potions of curing
 d - 2 potions of heal wounds
 e - a potion of haste
 f - 5 potions of magic
 g - a potion of berserk rage
 m - 6 potions of resistance {unknown}
 q - a potion of cancellation {unknown}
 r - a potion of might {unknown}
 v - 2 potions of mutation {unknown}
 w - 3 potions of flight {unknown}
 A - a potion of brilliance {unknown}


   Skills:
 + Level 12.2 Fighting
 * Level 16.6 Axes
 + Level 12.0 Armour
 + Level 11.0 Dodging


You had 8 spell levels left.
You didn't know any spells.
Your spell library was empty.

Dungeon Overview and Level Annotations

Branches:
Dungeon (1/1)

Altars:
Cheibriados
Dithmenos
Elyvilon
Fedhas
Gozag
Hepliaklqana
Kikubaaqudgha
Makhleb
Nemelex Xobeh
Okawaru
Qazlal
Ru
Sif Muna
Trog
Uskayaw
Vehumet
Wu Jian
Xom
Yredelemnul
Zin
The Shining One
Jiyva
Lugonu

Shops:
D ?[:[!(=?=*:=[:!

Annotations:
D exclusion: oklob plant


Innate Abilities, Weirdness & Mutations

You have a pair of horns on your head.
You reflexively headbutt those who attack you in melee.


Message History

You are too injured to fight recklessly!
Unknown command.
You slash the tentacle!
The tentacle is moderately wounded.
You slash the tentacle!
You kill the tentacle!
Unknown command.
You hit the tentacle. Your headbutt misses the tentacle.
You punch the tentacle.
The tentacle is moderately wounded.
The tentacle slaps you but does no damage.
The tentacle barely misses you.
You slash the tentacle! You headbutt the tentacle.
The tentacle is heavily wounded.
You slash the tentacle!
Unknown command.
You slash the tentacle! You headbutt the tentacle!
You feel the power of Trog in you as your rage grows.
You kill the tentacle!
You hit the tentacle. The tentacle slaps you!!
* * * LOW HITPOINT WARNING * * *
You rampage towards the kraken!
You hit the kraken but do no damage.
The kraken is almost dead.
You slash the tentacle! The tentacle slaps you!!
* * * LOW HITPOINT WARNING * * *
The kraken squirts a massive cloud of ink into the water!
Unknown command.
You hit the kraken but do no damage.
The kraken is almost dead.
You closely miss the tentacle.
Unknown command.
You hit the kraken but do no damage.
The kraken is almost dead.
You closely miss the tentacle. The tentacle slaps you!!
* * * LOW HITPOINT WARNING * * *
Unknown command.
You hit the kraken but do no damage.
The kraken is almost dead.
You slash the tentacle! The kraken bites you!!
You die...

#}:▓.(..)...▓▓
.##.#[)▓)[(.))))▓▓
...####▓..().((.▓▓
#..##.#▓...((...▓▓
+..#..#▓.[(.[)..▓▓
#..#)÷#▓)...)...▓▓
#..##.#▓....)...▓▓
##...##▓▓▓▓▓▓▓'▓▓▓▓+▓
§~~~~~~~~~~~§§..@X§≈▓
.~#'########'###w§§≈▓
.~#._._._..#~§~##§§≈▓
.~#.._._._.#~§≈≈####▓
§~#._._._._#~§§~≈#
~~#_._._._.#§§§≈§≈#
≈~#._._._..#~~~§~≈+
≈§#_._._...#~~~~§~#
≈≈#._._....#§


You could see a kraken and a tentacle.

Vanquished Creatures
  A yaktaur (D)
  3 polar bears (D)
  A hornet (D)
  A blink frog (D)
  2 wyverns (D)
  4 neqoxecs (D)
  4 water moccasins (D)
  4 scorpions (D)
  3 worms (D)
  4 tentacles (D)
27 creatures vanquished.

Vanquished Creatures (others)
  Menkaure (D)
  A water moccasin (D)
  7 tentacles (D)
9 creatures vanquished.

Grand Total: 36 creatures vanquished

Notes
Turn   | Place    | Note
-------+----------+-------------------------------------------
     0 | D        | Zeld the Minotaur Berserker began the quest for the Orb.
     0 | D        | Reached XP level 1. HP: 19/19 MP: 0/0
     1 | D        | Noticed a wyvern
     1 | D        | Noticed a wyvern
     4 | D        | Killed a wyvern
     5 | D        | Reached skill level 8 in Axes
     5 | D        | Reached skill level 5 in Armour
     5 | D        | Reached skill level 5 in Dodging
     5 | D        | Reached XP level 2. HP: 31/31 MP: 1/1
     5 | D        | Reached XP level 3. HP: 38/38 MP: 2/2
     5 | D        | Reached XP level 4. HP: 45/45 MP: 3/3
     5 | D        | Reached XP level 5. HP: 51/51 MP: 4/4
     9 | D        | Killed a wyvern
    10 | D        | Reached skill level 10 in Axes
    10 | D        | Reached XP level 6. HP: 61/61 MP: 5/5
    88 | D        | Killed Menkaure
   199 | D        | Reached ** piety under Trog
   202 | D        | Reached skill level 11 in Axes
   204 | D        | Killed a water moccasin
   211 | D        | Reached XP level 7. HP: 64/69 MP: 6/6
   402 | D        | Reached *** piety under Trog
   405 | D        | Reached skill level 12 in Axes
   544 | D        | Noticed a neqoxec
   547 | D        | Killed a neqoxec
   550 | D        | Noticed a neqoxec
   550 | D        | Noticed a neqoxec
   550 | D        | Noticed a neqoxec
   555 | D        | Killed a neqoxec
   555 | D        | Reached **** piety under Trog
   556 | D        | Reached skill level 13 in Axes
   562 | D        | Killed a neqoxec
   563 | D        | Reached skill level 10 in Fighting
   565 | D        | Killed a neqoxec
   566 | D        | Reached XP level 8. HP: 76/79 MP: 7/7
   609 | D        | Found Safogrir's Distillery.
   610 | D        | Found Latowig's Book Boutique.
   612 | D        | Found Reghium's Jewellery Shop.
   612 | D        | Found Yjejih's Antique Armour Shop.
   613 | D        | Found Rapuxen's Assorted Antiques.
   613 | D        | Found Zoefeqei's Book Boutique.
   614 | D        | Noticed a blink frog
   617 | D        | Killed a blink frog
   618 | D        | Reached skill level 14 in Axes
   618 | D        | Reached skill level 10 in Armour
   622 | D        | Found Hodwog's Magic Scroll Shop.
   623 | D        | Found Wair Miu's Jewellery Shop.
   623 | D        | Found Rajoph's Jewellery Shop.
   623 | D        | Found Binn's Antique Weapon Boutique.
   624 | D        | Noticed a slime creature
   627 | D        | Noticed a slime creature
   654 | D        | Found Jehe's Distillery.
   654 | D        | Found Zumidere's Antique Armour Boutique.
   654 | D        | Noticed a slime creature
   654 | D        | Noticed an oklob plant
   655 | D        | Found Tietren's Antique Armour Shop.
   655 | D        | Found Evaj's Magic Scroll Boutique.
   655 | D        | Found Zenuno's Book Shoppe.
   669 | D        | Bought a pair of dazzling boots for 285 gold pieces
   669 | D        | Identified the +1 pair of boots of Macwysif {Rampage rC++
                  | Dex-5 Stlth+} (You bought it in a shop in the Dungeon)
   676 | D        | Bought a scroll of blinking for 127 gold pieces
   678 | D        | Bought a scroll of acquirement for 520 gold pieces
   680 | D        | Acquired 713 gold pieces
   723 | D        | Bought a scroll of blinking for 75 gold pieces
   727 | D        | Bought a ring of see invisible for 195 gold pieces
   737 | D        | Bought a potion of curing for 33 gold pieces
   737 | D        | Bought a potion of curing for 33 gold pieces
   737 | D        | Bought a potion of curing for 33 gold pieces
   737 | D        | Bought a potion of curing for 33 gold pieces
   739 | D        | Bought a scroll of summoning for 95 gold pieces
   757 | D        | Bought a brown potion for 15 gold pieces
   757 | D        | Bought 3 scrolls labelled YCHAMP CITT for 51 gold pieces
   757 | D        | Bought a brown potion for 15 gold pieces
   757 | D        | Bought a scroll labelled MEULYX ULIJE for 17 gold pieces
   767 | D        | Bought a potion of curing for 30 gold pieces
   767 | D        | Bought a potion of curing for 30 gold pieces
   767 | D        | Bought a potion of curing for 30 gold pieces
   767 | D        | Bought a potion of heal wounds for 50 gold pieces
   995 | D        | Found a glowing silver altar of Zin.
   996 | D        | Found a glowing golden altar of the Shining One.
   996 | D        | Found a basalt altar of Yredelemnul.
   996 | D        | Found a hide-covered altar of Uskayaw.
   996 | D        | Found a radiant altar of Vehumet.
   997 | D        | Found a shimmering altar of Xom.
   997 | D        | Found a bloodstained altar of Trog.
   997 | D        | Found a burning altar of Makhleb.
   998 | D        | Found an ornate altar of the Wu Jian Council.
   998 | D        | Found a shimmering blue altar of Sif Muna.
   998 | D        | Found a corrupted altar of Lugonu.
   999 | D        | Found a sacrificial altar of Ru.
   999 | D        | Found an ancient bone altar of Kikubaaqudgha.
   999 | D        | Found a white marble altar of Elyvilon.
  1000 | D        | Found a stormy altar of Qazlal.
  1000 | D        | Found a viscous altar of Jiyva.
  1000 | D        | Found a shadowy altar of Dithmenos.
  1001 | D        | Found a hazy altar of Hepliaklqana.
  1001 | D        | Found a snail-covered altar of Cheibriados.
  1002 | D        | Noticed a polar bear
  1002 | D        | Noticed a polar bear
  1003 | D        | Noticed a yaktaur
  1006 | D        | Noticed a hornet
  1008 | D        | Killed a polar bear
  1009 | D        | Noticed a polar bear
  1011 | D        | Killed a yaktaur
  1011 | D        | Reached ***** piety under Trog
  1012 | D        | Reached skill level 15 in Axes
  1012 | D        | Reached skill level 10 in Dodging
  1013 | D        | Killed a polar bear
  1014 | D        | Reached XP level 9. HP: 89/89 MP: 8/8
  1020 | D        | Killed a polar bear
  1022 | D        | Reached skill level 16 in Axes
  1297 | D        | Found a sparkling altar of Nemelex Xobeh.
  1297 | D        | Found a blossoming altar of Fedhas.
  1298 | D        | Found an iron altar of Okawaru.
  1298 | D        | Found an opulent altar of Gozag.
  1315 | D        | Noticed a kraken
  1755 | D        | HP: 1/135 [tentacle[a kraken] (20)]
  1756 | D        | Annihilated by a kraken

Illustrated notes

Levels and vault maps discovered:
D:        the_violet_keep_of_menkaure [sprint2_stairs_cluster_1,
          sprint2_shoproom, sprint2_temple, sprint2_basic_supplies,
          sprint2_obstacle_7, sprint2_obstacle_6, sprint2_obstacle_3,
          sprint2_obstacle_5, sprint2_obstacle_1, sprint2_timed_cluster_1,
          sprint2_smallroom_cluster_1, sprint2_smallroom_final_cluster_1,
          sprint2_transparent_cluster_1, sprint2_second_timed_cluster_1,
          sprint2_sniper_area_1, sprint2_heavy_combat_area_1,
          sprint2_mutation_trap_area_1, sprint2_forest_area_1,
          sprint2_light_combat_area_1, sprint2_behind_water_1,
          sprint2_near_end_vault_1]

Skill      XL: |  1  2  3  4  5  6  7  8  9 |
---------------+----------------------------+-----
Fighting       | 6 7 8 10 11 12 | 12.2
Axes           | 8 10 11 13 15 16 | 16.6
Armour         | 5 7 8 9 11 12 | 12.0
Dodging        | 5 6 7 9 10 11 | 11.0

Action                   |  1- 3 |  4- 6 |  7- 9 || total
-------------------------+-------+-------+-------++-------
Melee: Hand axe          |     2 |    16 |    81 ||    99
       Headbutt          |     1 |     3 |    18 ||    22
       Punch             |       |       |     1 ||     1
Invok: Berserk           |     1 |     1 |     5 ||     7
  Use: Scroll            |       |       |     1 ||     1
Armor: Animal skin       |       |       |    11 ||    11
Dodge: Dodged            |     2 |     6 |    35 ||    43
